 Dungeon Crawl Stone Soup version 0.31-a0-185-g9dded2c639 (webtiles) character file.

Game seed: 9368706862911753767

21 qw the Shooter (level 2, -3/16 HPs)
             Began as a Deep Elf Hunter on June 22, 2023.
             Slain by Terence
             ... wielding a +0 flail
              (7 damage)
             ... on level 2 of the Dungeon.
             The game lasted 00:00:12 (1004 turns).

qw the Shooter (Deep Elf Hunter)                    Turns: 1004, Time: 00:00:13

Health: -3/16      AC:  6    Str:  8    XL:     2   Next: 62%
Magic:  4/4        EV:  8    Int: 13    God:
Gold:   51         SH:  0    Dex: 18    Spells: 1/1 levels left

rFire   . . .        Y - +0 shortbow
rCold   . . .        (shield currently unavailable)
rNeg    . . .        f - +0 scale mail
rPois   .            (no helmet)
rElec   .            (no cloak)
rCorr   .            (no gloves)
SInv    +            (no boots)
Will    .....        (no amulet)
Stlth   +            g - ring of see invisible
HPRegen 0.22/turn    (no ring)
MPRegen 0.09/turn

%: no passive effects
@: no status effects
A: no striking features
a: no special abilities


You were on level 2 of the Dungeon.
You visited 1 branch of the dungeon, and saw 2 of its levels.

You collected 51 gold pieces.


   Skills:
 - Level 1.5 Fighting
 + Level 6.4 Ranged Weapons
 - Level 2.4 Dodging
 - Level 1.2 Stealth


You had one spell level left.
You didn't know any spells.
Your spell library was empty.

Inventory:

Hand Weapons
 Y - a +0 shortbow (weapon)
Armour
 f - a +0 scale mail (worn)
Jewellery
 g - a ring of see invisible (left hand)
Potions
 d - a potion of might {unknown}

Dungeon Overview and Level Annotations

Branches:
Dungeon (2/15)

Altars:

Annotations:
D:2 Terence


Message History

As you read the scroll labelled LONYADIMUUS, it crumbles to dust.
It was a scroll of blinking.
Done exploring.
959 ||| DROPPING scroll of butterflies.
You drop a scroll of butterflies.
Done exploring.
(D) Dungeon
Where to? (* - list waypoints, ? - help)
What level of the Dungeon? (default 1, ? - help)
You see here a +0 dagger.
There is an open door here.
There is an open door here.
There is a stone staircase leading down here.
You climb downwards.
There is a stone staircase leading up here.
Waypoint 1 assigned to D:2.
Terence the Incautious comes into view.
He is wielding a +0 flail.
You shoot an arrow. The arrow barely misses Terence.
You shoot an arrow. The arrow barely misses Terence.
You shoot an arrow. The arrow hits Terence!
Terence is moderately wounded.
Terence hits you with a +0 flail. Terence hits you but does no damage.
You shoot an arrow. The arrow barely misses Terence.
Terence hits you with a +0 flail.
You shoot an arrow. The arrow barely misses Terence.
Terence hits you but does no damage. x2
You shoot an arrow.
The arrow hits Terence but does no damage.
Terence is moderately wounded.
Terence hits you with a +0 flail.
You shoot an arrow. The arrow hits Terence.
Terence is heavily wounded.
Terence barely misses you.
You shoot an arrow. The arrow hits Terence!
Terence is almost dead.
Terence bares his teeth.
Terence hits you with a +0 flail! Terence barely misses you.
You shoot an arrow. The arrow hits Terence.
Terence is almost dead.
Terence hits you with a +0 flail!
You die...

###
#<#
#.#
#@#
#@#
...
####.
.. ##


You could see Terence.

Vanquished Creatures
  A dart slug (D:1)
  3 ball pythons (D:1)
  2 endoplasms (D:1)
  A giant cockroach (D:1)
  3 goblins (D:1)
  3 hobgoblins (D:1)
  A bat (D:1)
  2 frilled lizards (D:1)
16 creatures vanquished.

Notes
Turn   | Place    | Note
-------+----------+-------------------------------------------
     0 | D:1      | qw the Deep Elf Hunter began the quest for the Orb.
     0 | D:1      | Reached XP level 1. HP: 12/12 MP: 3/3
     0 | D:1      | 0 ||| qw: Version: 0.3-a-9-g12657ce
     0 | D:1      | 0 ||| qw: Game counter: 1679
     0 | D:1      | 0 ||| qw: Always use a shield: true
     0 | D:1      | 0 ||| qw: God list: Okawaru
     0 | D:1      | 0 ||| qw: Allow faded altars: false
     0 | D:1      | 0 ||| qw: Do Orc after D:15 true
     0 | D:1      | 0 ||| qw: Do second Lair branch before Depths: true
     0 | D:1      | 0 ||| qw: Lair rune preference: random
     0 | D:1      | 0 ||| qw: Plans: Normal
     0 | D:1      | 0 ||| PLANNING D:1-11
   193 | D:1      | Found a faded altar of an unknown god.
   250 | D:1      | Reached XP level 2. HP: 16/16 MP: 4/4
   279 | D:1      | Reached skill level 6 in Ranged Weapons
   946 | D:1      | 946 ||| UPGRADING to +0 scale mail.
   956 | D:1      | 956 ||| DROPPING +0 leather armour.
   957 | D:1      | 957 ||| UPGRADING to ring of see invisible.
   958 | D:1      | 958 ||| READING scroll labelled LONYADIMUUS.
   959 | D:1      | 959 ||| DROPPING scroll of butterflies.
   995 | D:2      | Noticed Terence
  1003 | D:2      | HP: 4/16 [Terence/+0 flail (7)]
  1004 | D:2      | Slain by Terence

Levels and vault maps discovered:
D:1:      spicycebolla_green_bress_n_ham, layout_loops_corners,
          hellmonk_ecumenical_altar_crossroads, minmay_misc_feat_hallway,
          minmay_misc_feat_alley
D:2:      layout_basic, lemuel_flame_loot_1, uniq_robin, uniq_terence

Skill      XL: |  1  2 |
---------------+-------+-----
Ranged Weapons | 6 |  6.4
Fighting       | |  1.5
Dodging        | |  2.4
Stealth        | |  1.2

Action                     || total
---------------------------++-------
   Fire: Shortbow          ||    49
    Use: Scroll            ||     1
 Armour: Scale mail        ||     3
  Dodge: Dodged            ||     4

Table legend:
 A = Non-vault XP
 B = Vault XP
 C = Vault XP percentage of total XP
 D = Non-vault monster count
 E = Vault monster count
 F = Vault count percentage of total count
                 A         B        C        D         E       F
            +---------+---------+-------+---------+---------+-------
      Total |      30 |       0 |   0.0 |      16 |       0 |   0.0
            +---------+---------+-------+---------+---------+-------
        D:1 |      30 |       0 |   0.0 |      16 |       0 |   0.0
            +---------+---------+-------+---------+---------+-------
